[Event "FIDE Womens Grand Swiss 2023"]
[Site "Douglas/Isle of Man"]
[Date "2023.11.03"]
[Round "9.5"]
[White "Goryachkina, Aleksandra"]
[Black "Narva, Mai"]
[Result "0-1"]
[ECO "D37"]
[WhiteElo "2558"]
[BlackElo "2399"]
[Annotator "TA"]
[PlyCount "98"]
[EventDate "2023.10.04"]
[EventType "swiss"]
[EventCountry "GBR"]
[SourceTitle "playchess.com"]
[Source "ChessBase"]
[SourceQuality "1"]
[TimeControl "40/6000+30:20/3000+30:900+30"]

1. d4 Nf6 2. c4 e6 3. Nc3 d5 4. Nf3 Nbd7 5. Bf4 dxc4 6. e3 {[%emt 0:00:18] D37: Queen's Gambit Declined: 5 Bf4.} b5 {[%emt 0:00:39] 6...Bd6 is a critical line.} 7. Nxb5 Bb4+ 8. Nc3 {[%emt 0:00:46] White is slightly better.} Nd5 9. a3 (9. Bxc4 Nxc3 10. bxc3 Bxc3+ 11. Ke2 Bxa1 12. Qxa1 Nb6 13. Bb5+ Bd7 $15) 9... Bxc3+ 10. bxc3 Nxf4 11. exf4 {[%emt 0:00:13] [#]} Bb7 $146 ({Predecessor:} 11... O-O 12. Bxc4 c5 13. O-O Bb7 14. Be2 Qc7 15. Qd2 Rfd8 16. Rfd1 Nf6 17. Ne5 Ne4 {½-½ Cuenca Jimenez,J (2500)-Alonso Rosell,A (2572) ESP-chT Rapid 2023 (4.1)}) 12. Bxc4 O-O 13. Bd3 Rb8 14. O-O c5 15. Re1 cxd4 16. Nxd4 Nf6 17. Qd2 Qc7 18. Rac1 Rfd8 19. Qe3 Qd6 (19... Nd5 {feels hotter.} 20. Qe5 Rbc8 21. Nb5 Qb8) 20. Qe5 Qxa3 21. f5 (21. Bf1 {simplifies} Nd7 22. Qc7 Qc5 23. Qxc5 Nxc5 24. Ra1) 21... Nd7 $1 22. Qg3 (22. Qe3 $5 e5 23. Nb5 $11) 22... e5 23. f6 Nxf6 (23... g6 $5 24. Nf5 Nxf6 $11) 24. Nf5 (24. Qxe5 $5 Rbc8 25. Bf1 $11) 24... g6 25. Bc2 Re8 26. Qg5 Nh5 27. Rb1 (27. Rcd1 $11 Qxc3 28. Rc1) 27... f6 $1 $15 (27... Qxc3 28. Bb3 $11) 28. Qg4 {[%emt 0:01:54] [#]} (28. Qh6 $15 Qf8 29. Qxf8+ Rxf8 30. Ne3) 28... Nf4 $1 $17 ({But not} 28... Qxc3 $6 29. Nd6 Re7 30. Be4 $11) 29. Ne3 Bc6 30. h4 h5 ({Much weaker is} 30... Qxc3 $6 31. h5 $11) 31. Qd1 Rbd8 ({Don't play} 31... Qxc3 $6 32. Bxg6 Red8 33. Rxb8 Rxb8 34. Bf5 $11) 32. Bb3+ {[%emt 0:00:16] [#]} (32. Qc1 $142 Qe7 33. Rb2) 32... Kg7 $1 {[%emt 0:00:10] Black has more active pieces.} 33. Qc2 Qc5 {[%emt 0:00:29] And now ...Rd3 would win.} 34. Ba4 Re7 35. Bxc6 Qxc6 36. g3 Nd3 $36 {[%emt 0:00:31][%mdl 2048] Black is really pushing.} 37. Red1 Red7 38. c4 Rd4 39. Qa2 (39. Qb3 $17 {might work better.}) 39... R8d7 $19 40. Qa3 $2 (40. Qe2 {is a better defense.}) 40... Qd6 $2 ({Better is} 40... Qf3 $19 41. Qa2 f5) 41. Ra1 Qc6 $2 (41... Qc7 $17 42. Qa6 Nc5) 42. Rab1 $1 Qf3 43. Rd2 {[%emt 0:02:43] [#]} (43. Qa2) 43... Nxf2 $1 {[%emt 0:04:53][%mdl 576] Remove Defender} 44. Rxf2 {[%emt 0:01:46] [#]} Rd1+ $1 45. Nxd1 (45. Rxd1 Rxd1+) 45... Qxa3 46. Kh2 e4 47. Rfb2 e3 {[%emt 0:00:41] ( -> ...Qd3)} 48. c5 Qxc5 49. Re2 Qc4 {[%emt 0:00:38] Weighted Error Value: White=0.63/Black=0.17 (very precise)} 0-1

[Event "FIDE Womens Grand Swiss 2023"]
[Site "Douglas/Isle of Man"]
[Date "2023.11.03"]
[Round "9.21"]
[White "Mkrtchyan, Mariam"]
[Black "Hoang, Thanh Trang"]
[Result "1-0"]
[ECO "A88"]
[WhiteElo "2343"]
[BlackElo "2398"]
[Annotator "RC"]
[PlyCount "77"]
[EventDate "2023.10.04"]
[EventType "swiss"]
[EventCountry "GBR"]
[SourceTitle "playchess.com"]
[Source "ChessBase"]
[SourceQuality "1"]
[TimeControl "40/6000+30:20/3000+30:900+30"]

1. Nf3 f5 2. g3 Nf6 3. Bg2 g6 4. d4 Bg7 5. O-O O-O 6. c4 d6 7. Nc3 c6 8. Qc2 Na6 9. Rb1 Qe8 10. b4 Nc7 11. b5 cxb5 12. cxb5 Kh8 13. a4 Rb8 14. Ba3 Be6 15. Ng5 Bg8 16. e4 fxe4 17. Ncxe4 Nxe4 18. Qxe4 Bf6 19. Rfc1 Bd5 20. Qh4 Bxg5 21. Qxg5 Qf7 22. f4 Bxg2 23. Rxc7 Be4 24. Rb2 Rbc8 25. Bxd6 Rxc7 26. Bxc7 Kg8 27. Re2 Qb3 28. Qe5 Bd5 29. Qxe7 Qd1+ 30. Kf2 Qxd4+ 31. Qe3 Qxa4 32. b6 axb6 33. Bxb6 Bc4 34. Qd4 Qb3 35. Rd2 Re8 36. Ba5 Re7 37. Bc3 Kf8 38. Rb2 Qa4 39. Bb4 1-0

[Event "FIDE Womens Grand Swiss 2023"]
[Site "Douglas/Isle of Man"]
[Date "2023.11.04"]
[Round "10.1"]
[White "Vaishali, Rameshbabu"]
[Black "Tan, Zhongyi"]
[Result "1-0"]
[ECO "B60"]
[WhiteElo "2448"]
[BlackElo "2517"]
[Annotator "RC"]
[PlyCount "85"]
[EventDate "2023.10.04"]
[EventType "swiss"]
[EventCountry "GBR"]
[SourceTitle "playchess.com"]
[Source "ChessBase"]
[SourceQuality "1"]
[TimeControl "40/6000+30:20/3000+30:900+30"]

1. e4 c5 2. Nf3 d6 3. d4 cxd4 4. Nxd4 Nf6 5. Nc3 Nc6 6. Bg5 Bd7 7. Nxc6 Bxc6 8. Bxf6 gxf6 9. Bb5 Rg8 10. O-O Qd7 11. Bxc6 bxc6 12. f4 Rb8 13. Qf3 Qg4 14. b3 Rb4 15. Rad1 e6 16. Qf2 f5 17. a3 Rb7 18. Rd3 Be7 19. Kh1 Bh4 20. Qd2 d5 21. h3 Qg6 22. exf5 Qxf5 23. Ne2 e5 24. Re3 Re7 25. Qb4 Qg6 26. g4 h5 27. fxe5 hxg4 28. Qb8+ Kd7 29. Qxa7+ Kc8 30. Qa8+ Kc7 31. Qa7+ Kc8 32. Qa6+ Kc7 33. Nf4 Qh7 34. Qa7+ Kc8 35. Qa8+ Kd7 36. Qb7+ Kd8 37. Qb8+ Kd7 38. Qb7+ Kd8 39. Qxc6 Rc7 40. Qxd5+ Ke8 41. Qa8+ Bd8 42. Rd1 Qh4 43. Red3 1-0

[Event "FIDE Womens Grand Swiss 2023"]
[Site "Douglas/Isle of Man"]
[Date "2023.11.04"]
[Round "10.2"]
[White "Muzychuk, Anna"]
[Black "Cori T., Deysi"]
[Result "1-0"]
[ECO "B06"]
[WhiteElo "2510"]
[BlackElo "2367"]
[Annotator "ChessBase"]
[PlyCount "83"]
[EventDate "2023.10.04"]
[EventType "swiss"]
[EventCountry "GBR"]
[SourceTitle "playchess.com"]
[Source "ChessBase"]
[SourceQuality "1"]
[TimeControl "40/6000+30:20/3000+30:900+30"]

1. e4 g6 2. d4 Bg7 3. Nc3 d6 4. Be3 a6 5. Nf3 b5 6. h4 h6 7. e5 e6 8. a4 b4 9. Ne4 Bb7 10. Bd3 Ne7 11. Qe2 Nd5 12. Rd1 Qe7 13. c4 bxc3 14. bxc3 Nd7 15. Bd2 dxe5 16. Nxe5 Bxe5 17. dxe5 Nxe5 18. Bc2 O-O-O 19. Rb1 f5 20. Ng3 Qd6 21. O-O Nb6 22. Bf4 Qd5 23. f3 Nec4 24. a5 e5 25. Bxe5 Rhe8 26. axb6 Rxe5 27. Qf2 Qc5 28. bxc7 Rd2 29. Qxc5 Rxc5 30. Bb3 Nd6 31. Rfe1 Rxc7 32. Re6 Rg7 33. c4 Kc7 34. Nf1 Rd4 35. Ne3 Kd7 36. c5 Nb5 37. h5 Rb4 38. Rxg6 Re7 39. Nxf5 Re5 40. Be6+ Rxe6 41. Rxb4 Re1+ 42. Kf2 1-0

[Event "FIDE Womens Grand Swiss 2023"]
[Site "Douglas/Isle of Man"]
[Date "2023.11.04"]
[Round "10.3"]
[White "Stefanova, Antoaneta"]
[Black "Garifullina, Leya"]
[Result "1/2-1/2"]
[ECO "B53"]
[WhiteElo "2424"]
[BlackElo "2402"]
[Annotator "ChessBase"]
[PlyCount "131"]
[EventDate "2023.10.04"]
[EventType "swiss"]
[EventCountry "GBR"]
[SourceTitle "playchess.com"]
[Source "ChessBase"]
[SourceQuality "1"]
[TimeControl "40/6000+30:20/3000+30:900+30"]

1. e4 c5 2. Nf3 d6 3. d4 cxd4 4. Qxd4 Nf6 5. Nc3 Nc6 6. Qe3 g6 7. Bc4 Bg7 8. h3 O-O 9. O-O b6 10. Rd1 Bb7 11. a4 Nd7 12. Ra3 Rc8 13. Ba2 Qe8 14. Nd5 Na5 15. Qe2 h6 16. b4 Nc6 17. c3 Nce5 18. Nd2 e6 19. Ne3 Nf6 20. f4 Ned7 21. Bb1 Qe7 22. a5 Nh5 23. axb6 axb6 24. Ra7 Rc7 25. Ndc4 d5 26. Na3 Nb8 27. Nb5 Nc6 28. Ra2 Rd7 29. Qf2 dxe4 30. Rxd7 Qxd7 31. Rd2 Qe7 32. Bxe4 Nd4 33. Bxb7 Nxb5 34. Bf3 Nxc3 35. Nc2 Nxf4 36. Qxb6 Nfd5 37. Qa5 Qh4 38. b5 Be5 39. Bb2 Qf4 40. Rd3 Qh2+ 41. Kf1 Bc7 42. Qa1 Qh1+ 43. Kf2 Bb6+ 44. Kg3 Bg1 45. Bxd5 Bh2+ 46. Kf2 Qxa1 47. Nxa1 Nxd5 48. g3 Rd8 49. b6 h5 50. h4 g5 51. hxg5 h4 52. gxh4 Rb8 53. Rxd5 exd5 54. Bd4 Bd6 55. Nc2 Ra8 56. Ne3 Ra4 57. Nf5 Rxd4 58. Nxd4 Bc5 59. Ke3 Bxb6 60. Kd3 Kh7 61. Nc6 Bf2 62. h5 Bh4 63. g6+ fxg6 64. hxg6+ Kxg6 65. Nb4 Bf6 66. Nxd5 1/2-1/2

[Event "FIDE Womens Grand Swiss 2023"]
[Site "Douglas/Isle of Man"]
[Date "2023.11.04"]
[Round "10.4"]
[White "Narva, Mai"]
[Black "Munguntuul, Batkhuyag"]
[Result "0-1"]
[ECO "B11"]
[WhiteElo "2399"]
[BlackElo "2366"]
[Annotator "ChessBase"]
[PlyCount "190"]
[EventDate "2023.10.04"]
[EventType "swiss"]
[EventCountry "GBR"]
[SourceTitle "playchess.com"]
[Source "ChessBase"]
[SourceQuality "1"]
[TimeControl "40/6000+30:20/3000+30:900+30"]

1. e4 c6 2. Nc3 d5 3. Nf3 dxe4 4. Nxe4 Nf6 5. Qe2 Nxe4 6. Qxe4 Qd5 7. Qh4 Bf5 8. Bc4 Qd6 9. d3 e6 10. Bf4 Qe7 11. Qg3 Nd7 12. O-O Nf6 13. Nd4 Bg6 14. Rfe1 Nh5 15. Qf3 Nxf4 16. Qxf4 O-O-O 17. Nxe6 fxe6 18. Bxe6+ Rd7 19. h4 Qd6 20. Qg4 Kc7 21. h5 Bf7 22. Bxd7 Qxd7 23. Qg5 h6 24. Qh4 Bd6 25. Re4 Bd5 26. Re3 Rf8 27. Rae1 Rf4 28. Qxf4 Bxf4 29. Re7 Bf7 30. R1e4 Bc1 31. g4 Bd5 32. Rxd7+ Kxd7 33. Ra4 a6 34. b3 c5 35. d4 Kc6 36. Kh2 Bd2 37. Kg3 a5 38. dxc5 Kxc5 39. a3 b5 40. b4+ axb4 41. axb4+ Bxb4 42. Ra7 Bc3 43. f3 b4 44. Kf2 Bd4+ 45. Ke2 Bc4+ 46. Kd2 Kd6 47. Rb7 Bc3+ 48. Ke3 Bg8 49. Ke2 Ke6 50. Rb8 Bf7 51. Rb7 Be8 52. Ke3 Ba4 53. Kd3 Bc6 54. Rb6 Kd7 55. Ke3 Kc7 56. Ra6 Kb7 57. Ra5 b3 58. Ra3 b2 59. Rxc3 Bd5 60. Rd3 b1=Q 61. Rxd5 Qxc2 62. Rd2 Qc1 63. Ke2 Kc6 64. Rd4 Kc5 65. Re4 Kd5 66. Kf2 Qc2+ 67. Kg3 Qb1 68. Kg2 Qd1 69. Re8 Qc2+ 70. Kg3 Qb1 71. Kg2 Kd6 72. Re2 Qd1 73. Re4 Kd7 74. Kf2 Qh1 75. Kg3 Qg1+ 76. Kf4 Qf2 77. Re5 Qh2+ 78. Kf5 Qg3 79. Ke4 Kd6 80. Rf5 Ke6 81. Ke3 Qc7 82. Kf2 Qh2+ 83. Ke3 Qg2 84. Rf4 Qc2 85. Re4+ Kf6 86. Kf4 Qh2+ 87. Ke3 Kg5 88. Rd4 Kh4 89. Rd5 Kg3 90. Rf5 Qf2+ 91. Ke4 Qe2+ 92. Kd5 Qxf3+ 93. Rxf3+ Kxf3 94. g5 hxg5 95. Ke6 Kg4 0-1

[Event "FIDE Womens Grand Swiss 2023"]
[Site "Douglas/Isle of Man"]
[Date "2023.11.04"]
[Round "10.5"]
[White "Javakhishvili, Lela"]
[Black "Assaubayeva, Bibisara"]
[Result "1/2-1/2"]
[ECO "E60"]
[WhiteElo "2437"]
[BlackElo "2469"]
[Annotator "ChessBase"]
[PlyCount "189"]
[EventDate "2023.10.04"]
[EventType "swiss"]
[EventCountry "GBR"]
[SourceTitle "playchess.com"]
[Source "ChessBase"]
[SourceQuality "1"]
[TimeControl "40/6000+30:20/3000+30:900+30"]

1. d4 Nf6 2. c4 g6 3. g3 c5 4. dxc5 Na6 5. Bg2 Bg7 6. Nc3 Nxc5 7. Nf3 b6 8. O-O Bb7 9. Bf4 Rc8 10. b3 O-O 11. Rc1 d6 12. Bh3 Rb8 13. Qd2 a6 14. b4 Nce4 15. Nxe4 Nxe4 16. Qe3 Qe8 17. Bg2 Nf6 18. Qb3 b5 19. c5 Nd5 20. Bd2 dxc5 21. bxc5 Bc6 22. a3 Qc8 23. Rfd1 Qb7 24. Ba5 Nf6 25. Qb4 Nd5 26. Qh4 Nf6 27. Qb4 Nd5 28. Qb3 Nf6 29. Bh3 Bd5 30. Qe3 e6 31. Bc3 Bxf3 32. Bxf6 Bd5 33. Bxg7 Kxg7 34. c6 Qc7 35. Rxd5 exd5 36. Qd4+ Kg8 37. Qxd5 a5 38. Bd7 b4 39. axb4 axb4 40. Rb1 Rb6 41. Rb3 Rbb8 42. h4 h5 43. e4 Qb6 44. Qd6 Rfc8 45. e5 Qc7 46. Qd5 Re8 47. Rf3 Re7 48. e6 fxe6 49. Bxe6+ Kg7 50. Bd7 b3 51. Rxb3 Rxb3 52. Qxb3 Rxd7 53. cxd7 Qxd7 54. Kg2 Qc6+ 55. Qf3 Qc7 56. Qd5 Qe7 57. Qd4+ Kh7 58. Qf4 Kg7 59. Qd2 Qb7+ 60. f3 Qc7 61. Qf2 Qb7 62. Kh2 Qc7 63. Qg2 Qb8 64. Kh3 Qc8+ 65. g4 hxg4+ 66. Qxg4 Qc1 67. Qd4+ Kf7 68. Kg4 Qc8+ 69. Kg3 Qc2 70. Qd7+ Kf6 71. Qd6+ Kf7 72. Qd5+ Kf6 73. Qg5+ Kf7 74. h5 gxh5 75. Qxh5+ Kf6 76. Qh6+ Kf7 77. Qf4+ Kg6 78. Qd6+ Kf7 79. Qd5+ Kf6 80. Qd4+ Kf7 81. Qe5 Qg6+ 82. Kf4 Qh6+ 83. Kg4 Qg6+ 84. Qg5 Qb6 85. Qf5+ Kg7 86. Qe5+ Kf7 87. Kf4 Qh6+ 88. Ke4 Qc6+ 89. Kf4 Qh6+ 90. Kg4 Qb6 91. Qf5+ Kg7 92. Qg5+ Kf7 93. Kh5 Qc6 94. Qf5+ Kg7 95. Qg5+ 1/2-1/2

[Event "FIDE Womens Grand Swiss 2023"]
[Site "Douglas/Isle of Man"]
[Date "2023.11.04"]
[Round "10.6"]
[White "Ushenina, Anna"]
[Black "Cramling, Pia"]
[Result "0-1"]
[ECO "A50"]
[WhiteElo "2434"]
[BlackElo "2446"]
[Annotator "ChessBase"]
[PlyCount "102"]
[EventDate "2023.10.04"]
[EventType "swiss"]
[EventCountry "GBR"]
[SourceTitle "playchess.com"]
[Source "ChessBase"]
[SourceQuality "1"]
[TimeControl "40/6000+30:20/3000+30:900+30"]

1. d4 Nf6 2. c4 e6 3. Bf4 b6 4. a3 Bb7 5. Nc3 d5 6. cxd5 Nxd5 7. Nxd5 Bxd5 8. Qc2 Bd6 9. Bxd6 cxd6 10. e4 Bb7 11. Bb5+ Nd7 12. Ne2 O-O 13. O-O Nf6 14. f3 Qe7 15. Rfc1 Rfc8 16. Qa4 a6 17. Bd3 Qd8 18. Qb4 Rxc1+ 19. Rxc1 Rc8 20. Rd1 g6 21. Nc3 Qc7 22. Rc1 Qd8 23. Rc2 h5 24. Na4 Rxc2 25. Bxc2 b5 26. Nc3 Bc6 27. Na2 h4 28. Qc3 Qb6 29. Kf1 Nd7 30. Nc1 a5 31. Nd3 Bb7 32. b4 axb4 33. axb4 Nb8 34. Bb3 Nc6 35. d5 Qd4 36. Qc2 exd5 37. Bxd5 Ne5 38. Nxe5 Bxd5 39. exd5 Qxe5 40. Qd3 Qa1+ 41. Ke2 Qg1 42. Qxb5 Qxg2+ 43. Ke3 Qg1+ 44. Ke2 Qxh2+ 45. Kd3 h3 46. Qc4 Qg3 47. Qc8+ Kg7 48. Qc3+ Qe5 49. Qc4 h2 50. Qh4 Qh5 51. Qd4+ Kg8 0-1

[Event "FIDE Womens Grand Swiss 2023"]
[Site "Douglas/Isle of Man"]
[Date "2023.11.04"]
[Round "10.7"]
[White "Mammadzada, Gunay"]
[Black "Tsolakidou, Stavroula"]
[Result "1/2-1/2"]
[ECO "E95"]
[WhiteElo "2441"]
[BlackElo "2385"]
[Annotator "ChessBase"]
[PlyCount "138"]
[EventDate "2023.10.04"]
[EventType "swiss"]
[EventCountry "GBR"]
[SourceTitle "playchess.com"]
[Source "ChessBase"]
[SourceQuality "1"]
[TimeControl "40/6000+30:20/3000+30:900+30"]

1. Nf3 Nf6 2. c4 g6 3. Nc3 Bg7 4. e4 d6 5. d4 O-O 6. Be2 e5 7. O-O h6 8. Re1 Nbd7 9. Qc2 Re8 10. dxe5 dxe5 11. Be3 c6 12. Na4 Qc7 13. c5 b5 14. cxb6 axb6 15. Nd2 Ba6 16. Bf3 Bf8 17. Rec1 Rec8 18. a3 h5 19. Qd1 Rab8 20. h3 Qd6 21. b4 Kh7 22. Be2 Bxe2 23. Qxe2 Qe6 24. Nb2 Ra8 25. Nf3 Kg8 26. Ng5 Qe7 27. Nc4 Bh6 28. Rd1 b5 29. Na5 Rab8 30. Nb3 c5 31. bxc5 Bxg5 32. Bxg5 Nxc5 33. Nxc5 Rxc5 34. Rd3 Rc6 35. Rf3 Kg7 36. Rb1 Qd7 37. Rd1 Qc7 38. Rfd3 b4 39. axb4 Rxb4 40. Qe3 Rbc4 41. Bh6+ Kh7 42. Bf8 Ng8 43. Rd7 Rc1 44. Qd2 Rxd1+ 45. Qxd1 Rc1 46. Rxc7 Rxd1+ 47. Kh2 Nh6 48. Bxh6 Kxh6 49. Rxf7 Re1 50. f3 Kg5 51. h4+ Kxh4 52. Rf6 Kg5 53. Re6 Re2 54. Kh3 Re1 55. g3 Re3 56. Kg2 Re2+ 57. Kf1 Ra2 58. Rxe5+ Kf6 59. f4 Ra1+ 60. Kf2 Ra2+ 61. Kf3 Ra3+ 62. Kg2 Ra2+ 63. Kh3 Re2 64. g4 hxg4+ 65. Kxg4 Re3 66. Re8 Kf7 67. Re5 Kf6 68. Re8 Kf7 69. Re5 Kf6 1/2-1/2

[Event "FIDE Womens Grand Swiss 2023"]
[Site "Douglas/Isle of Man"]
[Date "2023.11.04"]
[Round "10.8"]
[White "Muzychuk, Mariya"]
[Black "Milliet, Sophie"]
[Result "1-0"]
[ECO "D46"]
[WhiteElo "2519"]
[BlackElo "2391"]
[Annotator "RC"]
[PlyCount "77"]
[EventDate "2023.10.04"]
[EventType "swiss"]
[EventCountry "GBR"]
[SourceTitle "playchess.com"]
[Source "ChessBase"]
[SourceQuality "1"]
[TimeControl "40/6000+30:20/3000+30:900+30"]

1. d4 Nf6 2. c4 e6 3. Nf3 d5 4. Nc3 c6 5. e3 Nbd7 6. Qc2 Bd6 7. Bd3 O-O 8. O-O dxc4 9. Bxc4 a6 10. Ne4 Nxe4 11. Qxe4 c5 12. Rd1 Qe7 13. b3 Nf6 14. Qh4 b5 15. dxc5 Bxc5 16. Bd3 Bb7 17. Bb2 Ne4 18. Qf4 f5 19. h4 Bd6 20. Be5 Ba3 21. h5 Rac8 22. Nd4 Nc3 23. Rd2 Nd5 24. Qg3 f4 25. exf4 Bc1 26. Nxe6 Bxd2 27. Nxg7 Qxe5 28. fxe5 Kh8 29. Ne6 Rg8 30. Qf3 Rce8 31. Be4 Bc3 32. Bxd5 Rxe6 33. Rd1 Bxd5 34. Rxd5 b4 35. Qf5 Rh6 36. Rd6 Rxd6 37. exd6 Kg7 38. Qg5+ Kh8 39. Qe7 1-0

[Event "FIDE Womens Grand Swiss 2023"]
[Site "Douglas/Isle of Man"]
[Date "2023.11.04"]
[Round "10.9"]
[White "Wagner, Dinara"]
[Black "Goryachkina, Aleksandra"]
[Result "1/2-1/2"]
[ECO "D12"]
[WhiteElo "2461"]
[BlackElo "2558"]
[Annotator "TA"]
[PlyCount "61"]
[EventDate "2023.10.04"]
[EventType "swiss"]
[EventCountry "GBR"]
[SourceTitle "playchess.com"]
[Source "ChessBase"]
[SourceQuality "1"]
[TimeControl "40/6000+30:20/3000+30:900+30"]

1. d4 d5 2. c4 c6 3. Nf3 Nf6 4. e3 Bf5 5. cxd5 cxd5 6. Qb3 Qc7 7. Bd2 e6 8. Bb5+ Nc6 9. O-O Bd6 10. Bb4 {[%emt 0:00:32] The position is equal.} O-O {[%emt 0:02:43] D12: Slav Defence: 3 Nf3 Nf6 4 e3 Bf5.} 11. Bxd6 Qxd6 12. Rc1 {[%emt 0:00:32] Recently 12.Nbd2 got a lot of attention.} Rfc8 {[%emt 0:07:14][%cal Oc6d4] [#] White must now prevent ...Nxd4!} 13. Nbd2 Ne7 14. Ne5 Ng4 15. Nef3 Nf6 16. Ne5 Ng4 17. Nef3 Nf6 18. h3 {[%emt 0:00:12] [#]} Ne4 $146 ({Predecessor:} 18... Rc7 19. Rxc7 Qxc7 20. Qa3 a6 21. Bf1 Ne8 22. Nb3 Qd6 23. Nc5 Ra7 24. Rc1 Qd8 25. Qa4 Nd6 {½-½ Roelvaag,M (2196)-Schandorff,L (2510) Politiken Cup 31st 2009 (3)}) 19. Nxe4 Bxe4 20. Nd2 Bg6 21. Bf1 Rc7 22. Rc3 Rac8 23. Rac1 h6 24. Nf3 Be4 25. Ne5 Rxc3 26. Rxc3 Rxc3 27. Qxc3 f6 28. Nd3 Bxd3 29. Bxd3 Kf7 30. Qc5 Qb8 31. e4 {[%emt 0:03:23] An even fight not without its subleties.   Weighted Error Value: White=0.06 (flawless) /Black=0.04 (flawless)} 1/2-1/2

[Event "FIDE Womens Grand Swiss 2023"]
[Site "Douglas/Isle of Man"]
[Date "2023.11.04"]
[Round "10.10"]
[White "Efroimski, Marsel"]
[Black "Kamalidenova, Meruert"]
[Result "0-1"]
[ECO "B45"]
[WhiteElo "2447"]
[BlackElo "2351"]
[Annotator "ChessBase"]
[PlyCount "86"]
[EventDate "2023.10.04"]
[EventType "swiss"]
[EventCountry "GBR"]
[SourceTitle "playchess.com"]
[Source "ChessBase"]
[SourceQuality "1"]
[TimeControl "40/6000+30:20/3000+30:900+30"]

1. e4 c5 2. Nf3 e6 3. d4 cxd4 4. Nxd4 Nf6 5. Nc3 Nc6 6. a3 d6 7. Be3 Be7 8. Be2 O-O 9. Qd2 e5 10. Nf3 Be6 11. Ng5 Qd7 12. O-O-O a6 13. Nd5 Rad8 14. f3 h6 15. Nb6 Qc7 16. Nxe6 fxe6 17. Bc4 d5 18. exd5 Nd4 19. Bxd4 exd4 20. Qxd4 Bc5 21. Qc3 Qxb6 22. dxe6 Kh8 23. Rhe1 Be7 24. Qe5 Rc8 25. Bd3 Qc5 26. Qxc5 Rxc5 27. f4 Rd5 28. Bg6 Rfd8 29. Rxd5 Nxd5 30. g3 Kg8 31. Be4 b6 32. c4 Nf6 33. Bb7 a5 34. Kc2 Kf8 35. Kc3 Ne8 36. b4 Bf6+ 37. Kc2 Rd4 38. Kb3 Nd6 39. Bd5 b5 40. e7+ Bxe7 41. Re6 bxc4+ 42. Bxc4 Nxc4 43. Kc3 Rd6 0-1

[Event "FIDE Womens Grand Swiss 2023"]
[Site "Douglas/Isle of Man"]
[Date "2023.11.04"]
[Round "10.11"]
[White "Gunina, Valentina"]
[Black "Socko, Monika"]
[Result "1/2-1/2"]
[ECO "E11"]
[WhiteElo "2439"]
[BlackElo "2380"]
[Annotator "ChessBase"]
[PlyCount "113"]
[EventDate "2023.10.04"]
[EventType "swiss"]
[EventCountry "GBR"]
[SourceTitle "playchess.com"]
[Source "ChessBase"]
[SourceQuality "1"]
[TimeControl "40/6000+30:20/3000+30:900+30"]

1. d4 Nf6 2. c4 e6 3. Nf3 Bb4+ 4. Bd2 Qe7 5. e3 b6 6. Bd3 Bb7 7. O-O Bxd2 8. Nbxd2 O-O 9. e4 d6 10. Re1 e5 11. Qe2 a5 12. Rad1 Nc6 13. d5 Nb4 14. Bb1 Bc8 15. Nf1 Bg4 16. Ne3 Bxf3 17. Qxf3 g6 18. h4 Na6 19. g3 Nc5 20. Bc2 a4 21. Rb1 Rfb8 22. b4 axb3 23. axb3 Ra3 24. Kg2 Rba8 25. b4 Ncd7 26. Bb3 Nh5 27. Rec1 Nhf6 28. Nc2 R3a7 29. Ne1 Nh5 30. Nd3 Ra3 31. Qd1 Ng7 32. Ra1 f5 33. exf5 Rxa1 34. Rxa1 Rxa1 35. Qxa1 Nxf5 36. Bd1 Nf6 37. Kh3 Kg7 38. Qc3 Nd4 39. Kg2 Qd7 40. b5 Qf5 41. f3 h5 42. Nf2 Qb1 43. Qd2 Nf5 44. Kh2 e4 45. Bc2 Qb2 46. Nd1 Qe5 47. f4 Qa1 48. Qc3 Qa2 49. Kg2 Kf7 50. Kf2 e3+ 51. Ke1 Nxg3 52. Qxe3 Qxc2 53. Qe6+ Kg7 54. Qe7+ Kg8 55. Qd8+ Kg7 56. Qe7+ Kg8 57. Qd8+ 1/2-1/2

[Event "FIDE Womens Grand Swiss 2023"]
[Site "Douglas/Isle of Man"]
[Date "2023.11.04"]
[Round "10.12"]
[White "Tania, Sachdev"]
[Black "Shuvalova, Polina"]
[Result "1-0"]
[ECO "D24"]
[WhiteElo "2389"]
[BlackElo "2506"]
[Annotator "ChessBase"]
[PlyCount "117"]
[EventDate "2023.10.04"]
[EventType "swiss"]
[EventCountry "GBR"]
[SourceTitle "playchess.com"]
[Source "ChessBase"]
[SourceQuality "1"]
[TimeControl "40/6000+30:20/3000+30:900+30"]

1. d4 Nf6 2. c4 e6 3. Nf3 d5 4. Nc3 dxc4 5. e4 b5 6. e5 Nd5 7. Nxb5 Nb6 8. Be2 Be7 9. O-O Bb7 10. Be3 Nc6 11. Nc3 O-O 12. a3 Rb8 13. Qc2 Na5 14. Nd2 Qd7 15. Bf3 Nb3 16. Nxb3 cxb3 17. Qxb3 Bxf3 18. gxf3 Qc6 19. Qd1 Nc4 20. Qa4 Qxa4 21. Nxa4 Nxb2 22. Nxb2 Rxb2 23. Rfc1 Rb7 24. a4 a5 25. Rc6 Bb4 26. Rac1 Rc8 27. Kf1 Kf8 28. Ke2 Ke7 29. Kd3 Kd7 30. Ke4 Ba3 31. R1c4 Rb4 32. Bd2 Rxc4 33. Rxc4 Ra8 34. d5 exd5+ 35. Kxd5 Ra6 36. f4 g6 37. Ke4 f5+ 38. exf6 c5 39. Bc3 Bb4 40. f5 Bxc3 41. Rxc3 Rxf6 42. Rxc5 gxf5+ 43. Rxf5 Rh6 44. Rxa5 Rxh2 45. f4 h5 46. Kf5 h4 47. Ra7+ Kd6 48. Kf6 h3 49. Rh7 Kc6 50. f5 Rh1 51. Kf7 h2 52. f6 Kb6 53. Rh3 Ka5 54. Rh4 Ka6 55. Rh5 Kb6 56. Rb5+ Ka6 57. Rb2 Ka5 58. Re2 Kxa4 59. Ke7 1-0

[Event "FIDE Womens Grand Swiss 2023"]
[Site "Douglas/Isle of Man"]
[Date "2023.11.04"]
[Round "10.13"]
[White "Dronavalli, Harika"]
[Black "Beydullayeva, Govhar"]
[Result "1-0"]
[ECO "D02"]
[WhiteElo "2502"]
[BlackElo "2383"]
[Annotator "ChessBase"]
[PlyCount "151"]
[EventDate "2023.10.04"]
[EventType "swiss"]
[EventCountry "GBR"]
[SourceTitle "playchess.com"]
[Source "ChessBase"]
[SourceQuality "1"]
[TimeControl "40/6000+30:20/3000+30:900+30"]

1. d4 Nf6 2. Nf3 d5 3. Bf4 e6 4. e3 c5 5. Nbd2 Qb6 6. Rb1 Bd6 7. dxc5 Qxc5 8. b4 Qc7 9. Bxd6 Qxd6 10. c4 Nbd7 11. Be2 b6 12. cxd5 Nxd5 13. Nc4 Qe7 14. Qd2 N7f6 15. Bd3 O-O 16. e4 b5 17. Na5 e5 18. Nc6 Qc7 19. Ncxe5 Nb6 20. Rc1 Qb7 21. O-O a6 22. Nc6 Nc4 23. Bxc4 bxc4 24. Na5 Qxe4 25. Rxc4 Qg6 26. Re1 Be6 27. Rd4 Rac8 28. a3 Rfe8 29. Ne5 Qc2 30. Qxc2 Rxc2 31. h3 Bd5 32. Re3 h5 33. Nec4 Rc1+ 34. Kh2 Rb8 35. Red3 Be4 36. Rd2 Rc3 37. f3 Bb1 38. Nc6 Re8 39. N6e5 Bc2 40. Rd8 Rxd8 41. Rxd8+ Kh7 42. Nxf7 Bb3 43. Rh8+ Kg6 44. Rc8 Bxc4 45. Ne5+ Kg5 46. Rc5 h4 47. Nxc4+ Kf4 48. a4 g5 49. Nd6 Rxc5 50. bxc5 Nd5 51. c6 Ke5 52. Ne4 a5 53. g3 Nb6 54. c7 Ke6 55. c8=Q+ Nxc8 56. Nxg5+ Ke5 57. Ne4 Nb6 58. Nc5 Kd5 59. Nb3 hxg3+ 60. Kxg3 Nxa4 61. Kf4 Ke6 62. Kg5 Kf7 63. Nxa5 Nc5 64. Nc6 Ne6+ 65. Kf5 Ng7+ 66. Ke5 Kg6 67. Nd4 Nh5 68. f4 Nf6 69. Ke6 Ne4 70. f5+ Kg5 71. Ke5 Nf2 72. Ne6+ Kh6 73. Nf4 Kg7 74. Ke6 Kf8 75. f6 Ne4 76. Ng6+ 1-0